TOP OF THE 1ST |
Red Deer Wranglers batting - Pitching for San Diego Smashers : LHP Andrew Caine
|
Pitching: LHP Andrew Caine
|
|
Batting: LHB Del Kennedy
|
0-0: Ball 1-0: Called Strike 1-1: Swinging Strike 1-2: Ball 2-2: Strikes out swinging
|
Batting: RHB Paul Swift
|
0-0: Fly out, F5 (Line Drive, 5)
|
Batting: LHB Greg Nelson
|
0-0: Swinging Strike 0-1: Foul Ball, location: 2F 0-2: Ball 1-2: Foul Ball, location: 2F 1-2: Foul Ball, location: 2F 1-2: Ball 2-2: Ball 3-2: Base on Balls
|
Batting: RHB Todd Bryant
|
Pickoff Throw to First - Out!
|
Top of the 1st over - 0 run(s), 0 hit(s), 0 error(s), 0 left on base; Red Deer 0 - San Diego 0 |
BOTTOM OF THE 1ST |
San Diego Smashers batting - Pitching for Red Deer Wranglers : RHP Ron Chapman
|
Pitching: RHP Ron Chapman
|
|
Batting: LHB Ramiro Martínez
|
0-0: Ball 1-0: Ball 2-0: Fly out, F7 (Line Drive, 8LS)
|
Batting: SHB Adrián Nieto
|
0-0: Ball 1-0: Ball 2-0: Called Strike 2-1: Ground out 3-1 (Groundball, 34S)
|
Batting: RHB Fred Ameris
|
0-0: Ball 1-0: Ball 2-0: Called Strike 2-1: Swinging Strike 2-2: Ball 3-2: Base on Balls
|
Batting: RHB Manuel Muńóz
|
0-0: Ball 1-0: Foul Ball, location: 2F 1-1: Foul Ball, location: 2F Balk! Fred Ameris to second 1-2: Ball 2-2: Ground out 5-3 (Groundball, 5S)
|
Bottom of the 1st over - 0 run(s), 0 hit(s), 0 error(s), 1 left on base; Red Deer 0 - San Diego 0 |
TOP OF THE 2ND |
Red Deer Wranglers batting - Pitching for San Diego Smashers : LHP Andrew Caine
|
Batting: RHB Todd Bryant
|
0-0: Ball 1-0: Called Strike 1-1: Foul Ball, location: 2F 1-2: Fly out, F9 (Flyball, 89D)
|
Batting: LHB Enrico Vargas
|
0-0: Ball 1-0: Ball 2-0: Foul Ball, location: 2F 2-1: Ground out 4-3 (Groundball, 4)
|
Batting: LHB Fred Abrams
|
0-0: Ball 1-0: Foul Ball, location: 2F 1-1: Foul Ball, location: 2F 1-2: Fly out, F9 (Popup, 89S)
|
Top of the 2nd over - 0 run(s), 0 hit(s), 0 error(s), 0 left on base; Red Deer 0 - San Diego 0 |
BOTTOM OF THE 2ND |
San Diego Smashers batting - Pitching for Red Deer Wranglers : RHP Ron Chapman
|
Batting: LHB Karl Hill
|
0-0: Ball 1-0: Ball 2-0: Called Strike 2-1: Ball 3-1: Base on Balls
|
Batting: SHB Chris Woods
|
0-0: Foul Ball, location: 2F 0-1: Called Strike 0-2: Ball 1-2: Ground out U3 (Groundball, 3S) Karl Hill to second
|
Batting: RHB Gilberto Guzmán
|
0-0: Called Strike 0-1: Ball 1-1: Called Strike 1-2: Ball 2-2: Strikes out swinging
|
Batting: LHB Francisco Medina
|
0-0: Ball 1-0: Foul Ball, location: 2F 1-1: Swinging Strike 1-2: Foul Ball, location: 2F 1-2: Ball 2-2: SINGLE (Flyball, 8LS) Karl Hill to third Runner from 3rd tries for Home, SAFE, no throw or cutoff
|
Batting: RHB Ryan Cates
|
0-0: Swinging Strike 0-1: Called Strike 0-2: Strikes out swinging
|
Bottom of the 2nd over - 1 run(s), 1 hit(s), 0 error(s), 1 left on base; Red Deer 0 - San Diego 1 |
TOP OF THE 3RD |
Red Deer Wranglers batting - Pitching for San Diego Smashers : LHP Andrew Caine
|
Batting: RHB Carlos Peńa
|
0-0: Ball 1-0: Called Strike 1-1: Ground out 5-3 (Groundball, 5S)
|
Batting: RHB Juan Carlos Alfonzo
|
0-0: Called Strike 0-1: Called Strike 0-2: Ball 1-2: Ball 2-2: Foul Ball, location: 2F 2-2: Ground out 4-3 (Groundball, 4)
|
Batting: LHB Andrew Veeck
|
0-0: SINGLE (Groundball, 6MD) (infield hit)
|
Batting: LHB Del Kennedy
|
0-0: Called Strike Andrew Veeck steals 2nd base 0-1: Called Strike 0-2: Ball 1-2: Ball 2-2: Strikes out looking
|
Top of the 3rd over - 0 run(s), 1 hit(s), 0 error(s), 1 left on base; Red Deer 0 - San Diego 1 |
BOTTOM OF THE 3RD |
San Diego Smashers batting - Pitching for Red Deer Wranglers : RHP Ron Chapman
|
Batting: LHB Ramiro Martínez
|
0-0: Ball 1-0: Ball 2-0: Ball 3-0: Base on Balls
|
Batting: SHB Adrián Nieto
|
0-0: Ball 1-0: Ball 2-0: Ball 3-0: Called Strike 3-1: DOUBLE (Flyball, 89XD) Ramiro Martínez to third
|
Batting: RHB Fred Ameris
|
0-0: Called Strike 0-1: Ball 1-1: Ground out 1-3 (Groundball, 34S)
|
Batting: RHB Manuel Muńóz
|
0-0: Ball 1-0: Ball 2-0: Called Strike 2-1: Ball 3-1: Foul Ball, location: 2F 3-2: Base on Balls
|
Batting: LHB Karl Hill
|
0-0: Ball 1-0: Foul Ball, location: 2F 1-1: Ball 2-1: Foul Ball, location: 2F 2-2: Foul Ball, location: 2F 2-2: Ball 3-2: Foul Ball, location: 2F 3-2: Foul Ball, location: 2F 3-2: Foul Ball, location: 2F 3-2: Foul Ball, location: 2F 3-2: Base on Balls Ramiro Martínez scores Adrián Nieto to third Manuel Muńóz to second
|
Batting: SHB Chris Woods
|
0-0: Called Strike 0-1: Ball 1-1: Ground out 3-1 (Groundball, 34S) Adrián Nieto scores Manuel Muńóz to third Karl Hill to second
|
Batting: RHB Gilberto Guzmán
|
0-0: Ball 1-0: Called Strike 1-1: Ball 2-1: Swinging Strike 2-2: Strikes out swinging
|
Bottom of the 3rd over - 2 run(s), 1 hit(s), 0 error(s), 2 left on base; Red Deer 0 - San Diego 3 |
TOP OF THE 4TH |
Red Deer Wranglers batting - Pitching for San Diego Smashers : LHP Andrew Caine
|
Batting: RHB Paul Swift
|
0-0: Ball 1-0: Ball 2-0: Ball 3-0: Base on Balls
|
Batting: LHB Greg Nelson
|
0-0: Ball 1-0: Swinging Strike Paul Swift is caught stealing 2nd base 1-1: Ball 2-1: Ball 3-1: Foul Ball, location: 2F 3-2: Foul Ball, location: 2F 3-2: Strikes out swinging
|
Batting: RHB Todd Bryant
|
0-0: Called Strike 0-1: Ball 1-1: Called Strike 1-2: Ball 2-2: Ball 3-2: Foul Ball, location: 2F 3-2: Fly out, F8 (Flyball, 8RD)
|
Top of the 4th over - 0 run(s), 0 hit(s), 0 error(s), 0 left on base; Red Deer 0 - San Diego 3 |
BOTTOM OF THE 4TH |
San Diego Smashers batting - Pitching for Red Deer Wranglers : RHP Ron Chapman
|
Batting: LHB Francisco Medina
|
0-0: Foul Ball, location: 2F 0-1: Ball 1-1: Ball 2-1: Called Strike 2-2: DOUBLE (Line Drive, 9LM)
|
Batting: RHB Ryan Cates
|
0-0: Called Strike 0-1: Swinging Strike 0-2: Ball 1-2: Ball 2-2: Ground out 4-3 (Groundball, 4) Francisco Medina to third
|
Batting: LHB Ramiro Martínez
|
0-0: Fly out, F7 (Flyball, 7M) Runner from 3rd tags up, SCORES, no throw
|
Batting: SHB Adrián Nieto
|
0-0: Ball 1-0: Ball 2-0: SINGLE (Line Drive, 4D)
|
Batting: RHB Fred Ameris
|
0-0: Called Strike 0-1: Swinging Strike 0-2: Strikes out looking
|
Bottom of the 4th over - 1 run(s), 2 hit(s), 0 error(s), 1 left on base; Red Deer 0 - San Diego 4 |
TOP OF THE 5TH |
Red Deer Wranglers batting - Pitching for San Diego Smashers : LHP Andrew Caine
|
Batting: LHB Enrico Vargas
|
0-0: Swinging Strike 0-1: Swinging Strike 0-2: Strikes out swinging
|
Batting: LHB Fred Abrams
|
0-0: Ball 1-0: Called Strike 1-1: DOUBLE (Flyball, 9LD)
|
Batting: RHB Carlos Peńa
|
0-0: Foul Ball, location: 2F 0-1: Ball 1-1: Ball 2-1: Called Strike 2-2: Foul Ball, location: 2F 2-2: Foul Ball, location: 2F 2-2: Foul Ball, location: 2F 2-2: Ball 3-2: Strikes out looking
|
Batting: RHB Juan Carlos Alfonzo
|
0-0: Ball 1-0: Foul Ball, location: 2F 1-1: Ball 2-1: Foul Ball, location: 2F 2-2: Strikes out swinging
|
Top of the 5th over - 0 run(s), 1 hit(s), 0 error(s), 1 left on base; Red Deer 0 - San Diego 4 |
BOTTOM OF THE 5TH |
San Diego Smashers batting - Pitching for Red Deer Wranglers : RHP Ron Chapman
|
Pitching: RHP Russell Cooper
|
|
Batting: RHB Manuel Muńóz
|
0-0: Swinging Strike 0-1: Ground out 6-3 (Groundball, 6)
|
Batting: LHB Karl Hill
|
0-0: Ball 1-0: Called Strike 1-1: Ball 2-1: Ball 3-1: Base on Balls
|
Batting: SHB Chris Woods
|
0-0: Ball 1-0: Called Strike 1-1: Ball 2-1: Foul Ball, location: 2F 2-2: Strikes out looking
|
Batting: RHB Gilberto Guzmán
|
0-0: Ball Karl Hill is caught stealing 2nd base
|
Bottom of the 5th over - 0 run(s), 0 hit(s), 0 error(s), 0 left on base; Red Deer 0 - San Diego 4 |
TOP OF THE 6TH |
Red Deer Wranglers batting - Pitching for San Diego Smashers : LHP Andrew Caine
|
Batting: LHB Andrew Veeck
|
0-0: Foul Ball, location: 2F 0-1: SINGLE (Line Drive, 6D)
|
Batting: LHB Del Kennedy
|
0-0: Ball 1-0: Foul Ball, location: 2F 1-1: Ball 2-1: Ball 3-1: DOUBLE (Groundball, 3L) Andrew Veeck to third
|
Pitching: RHP Duane Carlson
|
|
Batting: RHB Paul Swift
|
0-0: Ball 1-0: Ball 2-0: Ball 3-0: Foul Ball, location: 2F 3-1: SINGLE (Groundball, 34D) (infield hit) Andrew Veeck scores Del Kennedy to third
|
Batting: LHB Greg Nelson
|
0-0: Ball 1-0: Foul Ball, location: 2F 1-1: Foul Ball, location: 2F 1-2: Strikes out swinging
|
Batting: RHB Todd Bryant
|
0-0: Called Strike 0-1: Called Strike Pickoff Throw to First - Out! 0-2: Foul Ball, location: 2F 0-2: Fly out, F9 (Flyball, 9LMF)
|
Top of the 6th over - 1 run(s), 3 hit(s), 0 error(s), 1 left on base; Red Deer 1 - San Diego 4 |
BOTTOM OF THE 6TH |
San Diego Smashers batting - Pitching for Red Deer Wranglers : RHP Russell Cooper
|
Batting: RHB Gilberto Guzmán
|
0-0: Called Strike 0-1: Ball 1-1: Called Strike 1-2: Ball 2-2: SINGLE (Groundball, 5D)
|
Batting: LHB Francisco Medina
|
0-0: Called Strike 0-1: Foul Ball, location: 2F 0-2: Foul Ball, location: 2F 0-2: Fielders Choice at 2nd, 4-6 (Groundball, 4)
|
Batting: RHB Ryan Cates
|
0-0: Ball 1-0: Grounds into double play, 6-4-3 (Groundball, 6)
|
Bottom of the 6th over - 0 run(s), 1 hit(s), 0 error(s), 0 left on base; Red Deer 1 - San Diego 4 |
TOP OF THE 7TH |
Red Deer Wranglers batting - Pitching for San Diego Smashers : RHP Duane Carlson
|
Batting: LHB Enrico Vargas
|
0-0: Ball 1-0: Ball 2-0: Ball 3-0: Called Strike 3-1: Base on Balls
|
Batting: LHB Fred Abrams
|
0-0: Called Strike 0-1: Swinging Strike 0-2: Strikes out swinging
|
Batting: RHB Carlos Peńa
|
0-0: Swinging Strike 0-1: Called Strike 0-2: Ball 1-2: Ball 2-2: Strikes out swinging
|
Batting: RHB Juan Carlos Alfonzo
|
0-0: Foul Ball, location: 2F 0-1: Fly out, F8 (Flyball, 8RM)
|
Top of the 7th over - 0 run(s), 0 hit(s), 0 error(s), 1 left on base; Red Deer 1 - San Diego 4 |
BOTTOM OF THE 7TH |
San Diego Smashers batting - Pitching for Red Deer Wranglers : RHP Russell Cooper
|
Pitching: RHP José Ramos
|
|
Batting: LHB Ramiro Martínez
|
0-0: Called Strike 0-1: Foul Ball, location: 2F 0-2: Ball 1-2: Strikes out swinging
|
Batting: SHB Adrián Nieto
|
0-0: Ball 1-0: Ball 2-0: Fly out, F9 (Flyball, 9M)
|
Batting: RHB Fred Ameris
|
0-0: Called Strike 0-1: Ball 1-1: Ball 2-1: Foul Ball, location: 2F 2-2: Strikes out swinging
|
Bottom of the 7th over - 0 run(s), 0 hit(s), 0 error(s), 0 left on base; Red Deer 1 - San Diego 4 |
TOP OF THE 8TH |
Red Deer Wranglers batting - Pitching for San Diego Smashers : RHP Duane Carlson
|
Pitching: LHP Raymond Ritchie
|
|
Batting: LHB Andrew Veeck
|
0-0: Foul Ball, location: 2F 0-1: Called Strike 0-2: Ball 1-2: Strikes out swinging
|
Batting: LHB Del Kennedy
|
0-0: SINGLE (Line Drive, 6MD)
|
Pitching: RHP Joe Shoemaker
|
|
Batting: RHB Paul Swift
|
0-0: Called Strike 0-1: Ball 1-1: Ball 2-1: Fly out, F8 (Flyball, 8RS)
|
Pitching: LHP Geoff Williams
|
|
Batting: LHB Greg Nelson
|
0-0: Called Strike 0-1: Ball 1-1: Ball 2-1: Foul Ball, location: 2F 2-2: Ground out 6-3 (Groundball, 6)
|
Top of the 8th over - 0 run(s), 1 hit(s), 0 error(s), 1 left on base; Red Deer 1 - San Diego 4 |
BOTTOM OF THE 8TH |
San Diego Smashers batting - Pitching for Red Deer Wranglers : RHP José Ramos
|
Batting: RHB Manuel Muńóz
|
0-0: Ball 1-0: DOUBLE (Line Drive, 7LS)
|
Batting: LHB Karl Hill
|
0-0: Ball 1-0: Fly out, F6 (Popup, 6MD)
|
Batting: SHB Chris Woods
|
0-0: Intentional Walk
|
Batting: RHB Gilberto Guzmán
|
0-0: Ball 1-0: Ball 2-0: Ball 3-0: Called Strike 3-1: SINGLE (Groundball, 6M) Manuel Muńóz to third Chris Woods to second Runner from 3rd tries for Home, SAFE, no throw or cutoff
|
Batting: LHB Francisco Medina
|
0-0: Ball 1-0: Ground out 4-3 (Groundball, 4S) Chris Woods to third Gilberto Guzmán to second
|
Batting: RHB Ryan Cates
|
0-0: Reached on error, E6 (Groundball, 6M) Chris Woods scores Gilberto Guzmán scores
|
Batting: LHB Ramiro Martínez
|
0-0: Ball 1-0: Foul Ball, location: 2F 1-1: Called Strike 1-2: Strikes out swinging
|
Bottom of the 8th over - 3 run(s), 2 hit(s), 1 error(s), 1 left on base; Red Deer 1 - San Diego 7 |
TOP OF THE 9TH |
Red Deer Wranglers batting - Pitching for San Diego Smashers : LHP Geoff Williams
|
Batting: RHB Todd Bryant
|
0-0: Called Strike 0-1: Ball 1-1: Swinging Strike 1-2: Foul Ball, location: 2F 1-2: Foul Ball, location: 2F 1-2: Ball 2-2: Strikes out swinging
|
Batting: LHB Enrico Vargas
|
0-0: Called Strike 0-1: Foul Ball, location: 2F 0-2: Ball 1-2: Ball 2-2: Strikes out looking
|
Batting: LHB Fred Abrams
|
0-0: Foul Ball, location: 2F 0-1: Ball 1-1: Ball 2-1: Swinging Strike 2-2: Strikes out swinging
|
Top of the 9th over - 0 run(s), 0 hit(s), 0 error(s), 0 left on base; Red Deer 1 - San Diego 7 |
|